 Dungeon Crawl Stone Soup version 0.32-a0-834-geaf45d8e21 (webtiles) character file.

Game seed: 2814483922095971577

66549 croobank the Covert (level 14, -1/116 HPs)
             Began as a Demigod Summoner on Mar 25, 2024.
             Constricted to death by Jorgrun (3 damage)
             ... on level 1 of the Orcish Mines.
             The game lasted 01:47:45 (27689 turns).

croobank the Covert (Demigod Summoner)             Turns: 27689, Time: 01:47:45

Health: -1/116     AC: 10    Str:  9    XL:     14   Next: 40%
Magic:  9/31       EV:  4    Int: 35    God:
Gold:   1308       SH: 14    Dex: 17    Spells: 0/29 levels left

rFire   . . .        a - +4 dagger (speed)
rCold   + . .        i - +3 kite shield {rN+}
rNeg    + . .        F - +2 robe {rC+}
rPois   +            g - +2 helmet
rElec   +            p - +0 cloak
rCorr   +            (no gloves)
SInv    .            m - +1 pair of boots
Will    +++..        s - amulet "Katus" {Acrobat rElec Will+ Int+2 Dex+3}
Stlth   +++++        K - ring of resist corrosion
HPRegen 0.39/turn    f - ring of Lady Luck {rElec rPois Will+}
MPRegen 0.22/turn

%: acrobat
@: grasped by roots, constricted
A: high MP 1, forlorn, divine attributes
a: no special abilities


You were on level 1 of the Orcish Mines.
You visited 3 branches of the dungeon, and saw 19 of its levels.
You also visited: Ice Cave.

You collected 1308 gold pieces.

Inventory:

Hand Weapons
 a - a +4 dagger of speed (weapon)
 R - a +2 scimitar of flaming
 V - a +0 demon trident of freezing
Missiles
 j - 3 throwing nets
 r - 5 javelins
 v - 5 silver javelins
 B - 8 curare-tipped darts
 W - 3 atropa-tipped darts
Armour
 g - a +2 helmet (worn)
 i - a +3 kite shield of positive energy (worn)
 m - a +1 pair of boots (worn)
 p - a +0 cloak (worn)
 F - a +2 robe of cold resistance (worn)
Jewellery
 f - the ring of Lady Luck (right hand) {rElec rPois Will+}
   (You acquired it on level 13 of the Dungeon)

   [ring of poison resistance]

   rElec:     It insulates you from electricity.
   rPois:     It protects you from poison.
   Will+:     It increases your willpower.
 k - a ring of fire
 q - a ring of ice
 s - the amulet "Katus" (around neck) {Acrobat rElec Will+ Int+2 Dex+3}
   (You took it off an orc on level 4 of the Dungeon)

   [amulet of the acrobat]

   Acrobat:   It increases your evasion while moving and waiting.
   Int+2:     It affects your intelligence (+2).
   Dex+3:     It affects your dexterity (+3).
   rElec:     It insulates you from electricity.
   Will+:     It increases your willpower.
 z - a +4 ring of protection
 C - a ring of willpower
 E - a ring of see invisible
 I - a ring of positive energy
 K - a ring of resist corrosion (left hand)
 U - a ring of magical power
Wands
 b - a wand of mindburst (7)
 l - a wand of warping (4)
 y - a wand of flame (22)
 A - a wand of paralysis (12)
Scrolls
 e - a scroll of immolation
 h - 6 scrolls of teleportation
 u - a scroll of silence
 L - a scroll of butterflies
 P - a scroll of poison
 Q - a scroll of blinking
 S - a scroll of revelation
 X - a scroll of vulnerability
 Z - 2 scrolls of fear
Potions
 c - 2 potions of resistance
 d - 2 potions of cancellation
 n - 4 potions of lignification
 o - a potion of invisibility
 t - 5 potions of mutation
 w - 2 potions of might
 x - 2 potions of berserk rage
 D - 3 potions of haste
 G - 3 potions of curing
 H - 4 potions of heal wounds
 J - 6 potions of attraction
 M - a potion of enlightenment
 N - a potion of brilliance
 O - a potion of magic
 T - 2 potions of ambrosia
Miscellaneous
 Y - a sack of spiders


   Skills:
 + Level 8.6 Fighting
 + Level 9.3 Dodging
 - Level 10.0 Stealth
 * Level 9.3 Shields
 + Level 8.4 Spellcasting
 - Level 4.0 Conjurations
 - Level 5.0 Hexes
 + Level 9.6 Summonings
 + Level 0.6 Translocations
 - Level 5.0 Fire Magic
 - Level 7.0 Air Magic
 - Level 4.0 Alchemy


You couldn't memorise any spells.
You knew the following spells:

 Your Spells              Type           Power      Damage    Failure   Level
a - Summon Forest         Summ/Tloc      25%        N/A       32%         5
b - Call Imp              Summ           100%       N/A       1%          2
c - Call Canine Familiar  Summ           70%        N/A       1%          3
d - Summon Blazeheart Go  Fire/Summ      60%        N/A       4%          4
e - Summon Lightning Spi  Summ/Air       64%        N/A       3%          4
f - Summon Mana Viper     Hex/Summ       60%        N/A       13%         5
I - Inner Flame           Hex/Fire       49%        N/A       3%          3
M - Mephitic Cloud        Conj/Alch/Air  49%        N/A       3%          3

Your spell library contained the following spells:

 Spells                   Type           Power      Damage    Failure   Level
 Summon Small Mammal      Summ           100%       N/A       1%          1
 Mercury Vapours          Alch/Air       100%       N/A       1%          2
 Cigotuvi's Dreadful Rot  Necr/Alch/Air  80%        N/A       3%          2
 Momentum Strike          Conj/Tloc      62%        3d9       5%          2
 Apportation              Tloc           38%        N/A       8%          1
 Volatile Blastmotes      Fire/Tloc      68%        2d15      9%          3
 Freeze                   Ice            56%        1d7       10%         1
 Sandblast                Erth           28%        2d8       10%         1
 Blink                    Tloc           38%        N/A       11%         2
 Lesser Beckoning         Tloc           38%        N/A       11%         2
 Hailstorm                Conj/Ice       28%        3d8       13%         3
 Stone Arrow              Conj/Erth      56%        3d10      13%         3
 Martyr's Knell           Necr/Summ      48%        N/A       13%         4
 Flame Wave               Conj/Fire      46%        2d12      16%         4
 Sticky Flame             Fire/Alch      46%        2d9       16%         4
 Frozen Ramparts          Ice            28%        1d5       28%         3
 Fugue of the Fallen      Necr           14%        N/A       28%         3
 Ozocubu's Armour         Ice            14%        N/A       28%         3
 Vampiric Draining        Necr           14%        2d7       28%         3
 Summon Cactus Giant      Summ           35%        N/A       28%         6
 Brom's Barrelling Bould  Conj/Erth      28%        2d5       38%         4
 Freezing Cloud           Conj/Ice/Air   20%        6-21      52%         5
 Manifold Assault         Tloc           19%        N/A       58%         4
 Dispel Undead            Necr           14%        3d10      67%         4
 Metabolic Englaciation   Hex/Ice        16%        N/A       67%         5


Dungeon Overview and Level Annotations

Branches:
Dungeon (13/15)            Temple (0/1) D:7            Lair (5/5) D:9
 Shoals (0/4) Lair:3       Spider (0/4) Lair:2        Slime (0/5) Lair:5
    Orc (1/2) D:10         Vaults (0/5) D:13          IceCv (visited)

Portals:
Hell: Lair:5

Annotations:
D:6 1 runed translucent door
Orc:1 Jorgrun


Innate Abilities, Weirdness & Mutations

You have an increased reservoir of magic. (+10% MP)
You shall have no god before yourself.
Your divine heritage dramatically boosts your attributes as you level up.


Message History

Aim: an orc, wielding a +0 short sword (chance to blink: 50%)
Okay, then.
Okay, then.
Casting: Mephitic Cloud (mildly dangerous; 3% risk of failure)
Confirm with . or Enter, or press ? or * to list all spells.
A mana viper appears with a sibilant hiss.
Jorgrun is engulfed in noxious fumes.
The grasping roots constrict you!
* * * LOW HITPOINT WARNING * * *
The orc priest is engulfed in noxious fumes.
The orc priest closely misses Jorgrun.
The orc priest barely misses itself.
What are your orders? t - Shout!
Orders for allies: a - Attack new target. p - Attack previous target. r - Retreat! s - Stop attacking. g - Guard the area. f - Follow me.
Anything else - Cancel.
Gang up on whom?
Press: ? - help, Dir - move target, f/p - Jorgrun
Aim: Jorgrun, wielding a +0 heavy quarterstaff and wearing a +0 robe (noxious fumes, lightly wounded, confused, ally target) Attack!
Jorgrun is engulfed in noxious fumes.
Jorgrun hits the orc priest with a +0 heavy quarterstaff!!
The orc priest is killed!
The grasping roots constrict you. The orc closely misses your mana viper.
Your blazeheart golem punches Jorgrun!!
What are your orders? t - Shout!
Orders for allies: a - Attack new target. p - Attack previous target. r - Retreat! s - Stop attacking. g - Guard the area. f - Follow me.
Anything else - Cancel.
Gang up on whom?
Press: ? - help, Dir - move target, f/p - Jorgrun
Aim: Jorgrun, wielding a +0 heavy quarterstaff and wearing a +0 robe (noxious fumes, moderately wounded, confused, ally target) Attack!
Your mana viper barely misses Jorgrun.
The orc closely misses your mana viper.
Jorgrun is engulfed in noxious fumes.
Jorgrun appears confused.
Jorgrun hits you with a +0 heavy quarterstaff!!
* * * LOW HITPOINT WARNING * * *
The grasping roots constrict you.
You die...

.......###.###...#
............###.##
...........##....#
...........#....##
<)............#####
)............####.##
).............##...#
...#.....#....§.§..#
....#..##...#.☼9@.##
...######..#.#○Sg.#
.### .......o.)## ##
##ß.##.##☼o#
.#..#...#°o#
.#..#....)oo ##.
..... ...... .......


You could see Jorgrun (confused, ally target), an orc priest, 4 orcs, a friendly
mana viper (summoned) and a friendly blazeheart golem (summoned).

Vanquished Creatures
  A reaper (IceCv)
  6 hydras
  A vault guard (D:13)
  A centaur warrior (D:12)
  3 two-headed ogres
  A death yak (Lair:5)
  A boulder beetle (D:11)
  A tengu warrior (D:13)
  Nergalle (D:11)
  3 skysharks
  A sixfirhy (Lair:5)
  A skeletal warrior (D:12)
  A lindwurm (Lair:5)
  A cyclops (D:13)
  An ugly thing (D:11)
  A deep elf pyromancer (D:13)
  3 black mambas
  A meliai (Lair:2)
  An elephant (Lair:4)
  4 cane toads
  2 ice statues (IceCv)
  2 orange demons (Lair:5)
  4 rime drakes
  5 ice devils
  3 kobold demonologists (D:7)
  7 komodo dragons
  2 polar bears (Lair:2)
  4 trolls
  13 blink frogs
  A wraith (D:11)
  4 slime creatures
  A water elemental (Lair:3)
  A vampire (D:10)
  A wyvern (Lair:3)
  A basilisk (D:11)
  21 yaks
  4 water moccasins
  An acid dragon (D:12)
  A hydra simulacrum (IceCv)
  A hell hound (Lair:5)
  An orc warrior (D:10)
  An ice beast (D:6)
  2 black bears
  An ogre (D:6)
  11 wolves
  3 centaurs
  2 kobold brigands
  2 bullfrogs
  A gnoll sergeant (D:6)
  2 two-headed ogre simulacra
  3 wights (D:9)
  16 killer bees
  An elephant simulacrum (IceCv)
  3 electric eels
  2 hounds (D:6)
  7 orc priests
  Jessica (D:2)
  3 orc wizards
  2 spriggan simulacra (D:11)
  3 gnolls
  3 adders
  A dart slug (D:5)
  14 orcs
  4 ball pythons
  4 bats
  An endoplasm (D:3)
  2 giant cockroaches
  2 hobgoblins (D:1)
  3 quokkas
  A frilled lizard (D:3)
  13 kobolds
  4 rats
232 creatures vanquished.

Vanquished Creatures (collateral kills)
  Fannar (D:11)
  A vault guard (D:13)
  2 hydras (Lair:4)
  2 catoblepae (Lair:1)
  3 centaur warriors
  2 two-headed ogres
  2 death yaks (Lair:5)
  A boulder beetle (Lair:4)
  A deep troll earth mage (D:12)
  An occultist (Lair:5)
  A deep elf pyromancer (D:13)
  An oklob plant (Lair:3)
  An orc knight (D:12)
  A manticore (D:13)
  8 elephants
  A black mamba (Lair:5)
  A black mamba (shapeshifter) (D:13)
  A torpor snail (Lair:1)
  5 cane toads
  6 rime drakes
  2 ice devils (IceCv)
  3 komodo dragons
  An unseen horror (D:11)
  A kobold demonologist (D:7)
  An efreet (D:11)
  A red devil (Lair:5)
  3 trolls
  A hellwing (Lair:5)
  4 dream sheep (Lair:1)
  A snapping turtle (Lair:3)
  4 blink frogs (Lair:2)
  Sigmund (D:2)
  4 slime creatures
  2 vampires
  12 yaks
  3 wyverns
  A steam dragon (D:8)
  A harpy simulacrum (IceCv)
  2 hell hounds (Lair:5)
  An acid dragon (D:11)
  5 water moccasins
  A swamp drake (D:10)
  3 orc warriors
  An ice beast (D:7)
  A black bear (D:6)
  2 centaurs
  10 wolves
  5 ogres
  A phantom (D:4)
  3 kobold brigands
  6 bullfrogs
  A gnoll sergeant (D:9)
  3 two-headed ogre simulacra
  3 cane toad simulacra (IceCv)
  4 scorpions
  5 wights
  10 killer bees
  An elephant simulacrum (IceCv)
  A vampire bat (Lair:2)
  A howler monkey (D:4)
  A hound (D:6)
  3 jellies
  Crazy Yiuf (D:2)
  5 orc priests
  2 sleepcaps
  An iguana (D:5)
  4 orc wizards
  A spriggan simulacrum (IceCv)
  2 troll simulacra (IceCv)
  2 wolf simulacra (IceCv)
  A boggart simulacrum (D:11)
  11 gnolls
  4 naga simulacra
  2 adders
  A white imp (D:6)
  A nameless horror (Lair:4)
  2 ufetubi (IceCv)
  3 ribbon worms
  21 orcs
  6 ball pythons
  5 bats
  5 endoplasms
  3 giant cockroaches
  2 goblins
  6 hobgoblins
  12 kobolds
  2 frilled lizards (D:1)
  3 rats (D:1)
270 creatures vanquished.

Vanquished Creatures (others)
  115 blazeheart cores
  A butterfly (D:9)
116 creatures vanquished.

Grand Total: 618 creatures vanquished

Notes
Turn   | Place    | Note
-------+----------+-------------------------------------------
     0 | D:1      | croobank the Demigod Summoner began the quest for the Orb.
     0 | D:1      | Reached XP level 1. HP: 14/14 MP: 5/5
   164 | D:1      | Reached skill level 2 in Stealth
   230 | D:1      | Reached XP level 2. HP: 17/20 MP: 4/7
   233 | D:1      | Learned a level 2 spell: Call Imp
  1125 | D:2      | Reached XP level 3. HP: 26/26 MP: 5/8
  1140 | D:2      | Learned a level 3 spell: Call Canine Familiar
  1551 | D:2      | Noticed Jessica
  1559 | D:2      | Killed Jessica
  1795 | D:2      | Found a runed translucent door.
  1796 | D:2      | Noticed Crazy Yiuf
  1862 | D:2      | Noticed Sigmund
  2087 | D:3      | Reached XP level 4. HP: 33/33 MP: 10/10
  2253 | D:2      | Killed Sigmund
  2254 | D:2      | Reached skill level 3 in Stealth
  2254 | D:2      | Reached XP level 5. HP: 38/38 MP: 2/12
  2550 | D:2      | Killed Crazy Yiuf
  2551 | D:2      | Reached XP level 6. HP: 27/45 MP: 0/13
  3362 | D:4      | Learned a level 4 spell: Summon Blazeheart Golem
  3440 | D:4      | Reached skill level 1 in Fire Magic
  3638 | D:4      | Identified the amulet "Katus" {Acrobat rElec Will+ Int+2
                  | Dex+3}
  3659 | D:4      | Reached skill level 1 in Fighting
  3704 | D:4      | You fall into a shaft and drop 1 floor!
  3704 | D:5      | Entered Level 5 of the Dungeon
  3754 | D:5      | Reached skill level 4 in Stealth
  3754 | D:5      | Reached XP level 7. HP: 52/52 MP: 8/15
  3826 | D:5      | Reached skill level 5 in Summonings
  5079 | D:6      | Reached XP level 8. HP: 61/61 MP: 14/17
  5196 | D:6      | Found a runed translucent door.
  5573 | D:6      | Reached skill level 5 in Stealth
  5850 | D:7      | Noticed a kobold demonologist
  5857 | D:7      | Killed a kobold demonologist
  5858 | D:7      | Noticed a kobold demonologist
  5858 | D:7      | Noticed a kobold demonologist
  5859 | D:7      | Noticed a kobold demonologist
  5866 | D:7      | Killed a kobold demonologist
  5867 | D:7      | Reached skill level 5 in Dodging
  5868 | D:7      | Killed a kobold demonologist
  5869 | D:7      | Reached skill level 5 in Fire Magic
  5869 | D:7      | Reached XP level 9. HP: 64/70 MP: 13/19
  5869 | D:7      | Killed a kobold demonologist
  5997 | D:7      | Reached skill level 5 in Spellcasting
  6198 | D:7      | Learned a level 4 spell: Summon Lightning Spire
  6281 | D:7      | Reached skill level 6 in Stealth
  6328 | D:7      | Found a staircase to the Ecumenical Temple.
  6352 | D:7      | Identified the +1 robe of the Farmer {Harm +Inv Will-
                  | Str+3}
  6418 | D:7      | Reached skill level 1 in Air Magic
  6831 | D:8      | Learned a level 3 spell: Mephitic Cloud
  7461 | D:8      | Reached skill level 1 in Conjurations
  7777 | D:9      | Found a staircase to the Lair.
  7798 | D:9      | Reached skill level 1 in Alchemy
  7816 | D:9      | Reached XP level 10. HP: 69/80 MP: 13/21
  8735 | D:9      | Reached skill level 5 in Fighting
  8748 | D:9      | Reached skill level 1 in Shields
  9654 | D:10     | Entered Level 10 of the Dungeon
  9953 | D:10     | Found a staircase to the Orcish Mines.
 10498 | D:11     | Found a frozen archway.
 10766 | D:11     | Reached skill level 7 in Stealth
 10768 | D:11     | Reached XP level 11. HP: 78/88 MP: 12/23
 10851 | D:11     | Noticed a two-headed ogre
 10861 | IceCv    | Entered an ice cave
 11999 | IceCv    | Reached skill level 5 in Air Magic
 12026 | IceCv    | Noticed a reaper
 12046 | IceCv    | Killed a reaper
 12736 | D:11     | Killed a two-headed ogre
 12824 | D:11     | Noticed a two-headed ogre
 12840 | D:11     | Killed a two-headed ogre
 12940 | D:11     | Found a large runed translucent door.
 12941 | D:11     | Found a large runed translucent door.
 12963 | D:11     | Found a large runed translucent door.
 12963 | D:11     | Found a large runed translucent door.
 13033 | D:11     | Noticed a two-headed ogre
 13043 | D:11     | Killed a two-headed ogre
 13646 | D:11     | Noticed a boulder beetle
 13647 | D:11     | Noticed a seven-headed hydra
 13663 | D:11     | HP: 4/89 [six-headed hydra (13)]
 13669 | D:11     | Killed a six-headed hydra
 13925 | D:11     | Learned a level 3 spell: Inner Flame
 13951 | D:11     | Killed a boulder beetle
 14122 | D:11     | Noticed Fannar
 14135 | D:11     | Killed Fannar
 14136 | D:11     | Reached XP level 12. HP: 96/96 MP: 18/26
 14416 | D:11     | Noticed Nergalle
 14423 | D:11     | Killed Nergalle
 14733 | D:12     | Noticed a centaur warrior
 14867 | D:11     | Reached skill level 5 in Shields
 15178 | D:12     | Killed a centaur warrior
 15896 | D:12     | Found a runed translucent door.
 16210 | D:12     | Reached skill level 8 in Stealth
 16502 | D:12     | Noticed a centaur warrior
 16527 | D:12     | Killed a centaur warrior
 16530 | D:12     | Reached skill level 1 in Hexes
 16876 | D:13     | Noticed a centaur warrior
 16881 | D:13     | Noticed an eight-headed hydra
 16882 | D:13     | Killed a centaur warrior
 16894 | D:13     | Killed an eight-headed hydra
 17136 | D:13     | Found a gate to the Vaults.
 17136 | D:13     | Noticed a vault guard
 17136 | D:13     | Noticed a vault guard
 17136 | D:13     | Noticed a vault guard
 17136 | D:13     | Noticed a vault guard
 17136 | D:13     | Noticed a centaur warrior
 17145 | D:13     | Killed a vault guard
 17160 | D:13     | Killed a vault guard
 17161 | D:13     | Noticed a catoblepas
 17332 | D:13     | Killed a centaur warrior
 17678 | D:13     | Identified a scroll of acquirement
 17678 | D:13     | Acquired the ring of Lady Luck {rElec rPois Will+}
 17845 | Lair:1   | Entered Level 1 of the Lair of Beasts
 17879 | Lair:1   | Reached XP level 13. HP: 105/105 MP: 25/28
 18475 | Lair:1   | Found a runed translucent door.
 19667 | Lair:1   | Reached skill level 9 in Stealth
 20477 | Lair:2   | Got the Atlas of Sepulchral Elsewhere
 20824 | Lair:2   | Found a hole to the Spider Nest.
 21903 | Lair:3   | Found a staircase to the Shoals.
 23342 | Lair:4   | Learned a level 5 spell: Summon Mana Viper
 23427 | Lair:4   | Reached XP level 14. HP: 115/115 MP: 26/30
 24034 | Lair:5   | Entered Level 5 of the Lair of Beasts
 24034 | Lair:5   | Found a staircase to the Slime Pits.
 25859 | Lair:4   | Learned a level 5 spell: Summon Forest
 26566 | Lair:5   | Reached skill level 10 in Stealth
 27152 | Lair:5   | Reached skill level 5 in Hexes
 27251 | Lair:5   | Found a gateway to Hell.
 27452 | Orc:1    | Entered Level 1 of the Orcish Mines
 27673 | Orc:1    | Noticed Jorgrun
 27689 | Orc:1    | HP: 2/116 [Jorgrun/+0 heavy quarterstaff (25)]
 27689 | Orc:1    | Constricted to death by Jorgrun

Illustrated notes

Levels and vault maps discovered:
D:1:      tekkud_arrival_beachfront_property, layout_basic, minmay_tetromino_t4
D:2:      layout_loops_cross, basic_altar, shapermc_ecumenical_altar_pompeii,
          uniq_crazy_yiuf_cottage, uniq_sigmund, uniq_jessica
D:3:      layout_basic, mainiacjoe_overflow_divided_tiny
D:4:      layout_rooms, hex_intersection, minmay_increasing_density
D:5:      layout_basic, minmay_misc_feat_ornament, minmay_misc_feat_enclosed
D:6:      layout_loops_ring, dk_yredelemnul_ordeal, grunt_ministairs_12
D:7:      layout_loops_ring, bloody_makhleb,
          nicolae_wu_jian_immortal_techniques, minmay_temple_entry_trees
D:8:      layout_gridville, eino_curves_01, corexii_leaking_fountain
D:9:      layout_stronghold, nemelex_spade_bored_becter,
          nicolae_elyvilon_peaceful_grove, lair_entry_dummy,
          kennysheep_generic_room_7
D:10:     layout_roguey, erik_orc_1, chequers_serial_rivers_micro_b,
          nicolae_nh_ransacked_shop
D:11:     layout_irregular_city, portal_ice_cave_entry_ice_simulacra,
          dk_noncrumbling_4, st_stairs_13, minmay_hollow_rounded_squares,
          uniq_nergalle, uniq_fannar
D:12:     layout_roguey, roderic_lattice_a, minmay_misc_feat_plants,
          lightli_airlock
D:13:     layout_gridville, lightli_vaults_fourway_checkpoint
Lair:1:   gammafunk_lair_enchanted_lake, layout_small_grid,
          infiniplex_staircase_pool_2
Lair:2:   layout_small_grid, hellmonk_spider_entry_not_the_bees,
          roderic_batcave, grunt_forest_large_clearings, grunt_megastairs_4,
          serial_bayou_shore_a, lemuel_fruit_tree, serial_bayou_shore_b
Lair:3:   layout_gridlike, minmay_shoals_entry_hut, tgw_fedhas,
          grunt_megastairs_5
Lair:4:   layout_cave_pods, gauntlet_entry_generic
Lair:5:   evil_forest, layout_regular_city, slime_entry_1, serial_bayou_ford_a,
          serial_bayou_shore_b
Orc:1:    layout_caves, biasface_ghost_orc_armoury, serial_shops,
          nicolae_shop_window_shopping, basic_altar, uniq_jorgrun

Skill      XL: |  1  2  3  4  5  6  7  8  9 10 11 12 13 14 |
---------------+-------------------------------------------+-----
Dodging        | 2 3 4 5 6 7 8 9 |  9.3
Stealth        | 2 3 4 5 6 7 8 9 10 | 10.0
Spellcasting   | 2 3 4 5 6 7 8 |  8.4
Summonings     | 4 5 6 7 8 9 |  9.6
Fire Magic     | 1 3 5 |  5.0
Fighting       | 1 2 3 4 5 6 7 8 |  8.6
Air Magic      | 2 4 6 7 |  7.0
Conjurations   | 1 2 3 4 |  4.0
Alchemy        | 1 2 3 4 |  4.0
Shields        | 2 4 6 8 9 |  9.3
Hexes          | 2 4 5 |  5.0
Translocations | |  0.6

Action                     |  1- 3 |  4- 6 |  7- 9 | 10-12 | 13-15 || total
---------------------------+-------+-------+-------+-------+-------++-------
  Melee: Dagger            |    51 |    51 |   100 |   121 |   176 ||   499
         Whip              |     4 |       |       |       |       ||     4
         Scimitar          |       |       |       |     5 |       ||     5
   Fire: Sling             |       |       |    35 |    79 |       ||   114
   Cast: Summon Small Mamm |    32 |    22 |    10 |     7 |     6 ||    77
         Call Imp          |    16 |    14 |    14 |     5 |     8 ||    57
         Call Canine Famil |     4 |    10 |    12 |     9 |    11 ||    46
         Summon Blazeheart |       |       |    24 |    80 |    69 ||   173
         Summon Lightning  |       |       |     3 |    51 |    51 ||   105
         Mephitic Cloud    |       |       |     2 |     4 |    12 ||    18
         Inner Flame       |       |       |       |     1 |     7 ||     8
         Summon Mana Viper |       |       |       |       |     2 ||     2
  Evoke: Wand              |       |       |     1 |     1 |     8 ||    10
    Use: Scroll            |       |     7 |     6 |    20 |     7 ||    40
   Stab: Sleeping          |     6 |     2 |    15 |     5 |     5 ||    33
         Distracted        |     2 |       |     2 |       |       ||     4
         Paralysed         |       |       |     2 |     1 |     2 ||     5
         Confused          |       |       |     2 |       |     7 ||     9
 Armour: Robe              |    42 |    28 |    66 |   209 |   147 ||   492
  Dodge: Dodged            |    49 |    25 |   119 |   231 |   164 ||   588
  Block: Kite shield       |       |       |       |    20 |   239 ||   259

Table legend: (Time is in decaauts)
 A = Elapsed time spent in this place.
 B = Non-inter-level travel time spent in this place.
 C = Inter-level travel time spent in this place.
 D = Time resting spent in this place.
 E = Time spent auto-exploring this place.
 F = Levels seen in this place.
 G = Mean time per level.
                   A        B        C        D        E       F      G
               +--------+--------+--------+--------+--------+-----+--------+
         Total |  27762 |  26610 |   1152 |   9010 |  12136 |  20 | 1388.1 |
       Dungeon |  16037 |  15363 |    674 |   3951 |   8236 |  13 | 1233.6 |
          Lair |   9641 |   9164 |    477 |   3725 |   3719 |   5 | 1928.2 |
  Orcish Mines |    235 |    235 |      0 |    149 |     38 |   1 |  235.0 |
      Ice Cave |   1847 |   1847 |      0 |   1185 |    143 |   1 | 1847.0 |
               +--------+--------+--------+--------+--------+-----+--------+

Top non-repeatable levels by time:
    D:11: 2568 daAuts
  Lair:4: 2455 daAuts
  Lair:5: 2260 daAuts
  Lair:1: 2183 daAuts
     D:9: 2018 daAuts
   IceCv: 1847 daAuts
    D:12: 1628 daAuts
  Lair:2: 1571 daAuts
     D:2: 1326 daAuts
  Lair:3: 1171 daAuts
     D:1: 1133 daAuts
    D:10: 1131 daAuts
     D:6: 1087 daAuts
     D:5: 1041 daAuts
     D:8: 983 daAuts
